cohdb
Replays
Latest Replays
All Replays
Popular Replays
Top Player Replays
Match Explorer
How It Works
Community
CoH3 Stats
Reddit
Sign in to upload your games and track your stats! →
Sign in with Steam
Match 42452918
Unlisted
Match 42452918
Overview
Messages
Build Orders
End
Engineer Squad
Construct Barracks
Riflemen Squad
Riflemen Squad
Grenade Package
Selects Advanced Infantry Battlegroup
Air Support Center
Selects Convert to Ranger Squad
Riflemen Squad
Grasshopper Recon Run
Construct Weapon Support Center
Selects Frontline Medical Station
Frontline Medical Station
Grasshopper Recon Run
Convert to Ranger Squad
P-47 Strafing Run
P-47 Dive Bomb
Double Sortie
Grasshopper Recon Run
Construct Tank Depot
Selects Ranger Weapon Training
Grasshopper Recon Run
P-47 Dive Bomb
Air Supremacy
Convert to Ranger Squad
M4A1 Sherman Medium Tank
Grasshopper Recon Run
Selects Ammunition Storage
P-47 Strafing Run
Grasshopper Recon Run
M4(105) Sherman Bulldozer
Grasshopper Recon Run
P-47 Dive Bomb
P-47 Dive Bomb
M18 Hellcat Tank Destroyer
Selects M2A1 105mm Howitzer Emplacement
Selects Free Fire Drills
bloodstark
ToxicCheeseMan
Hodolf
HONGHA
Momoi Gaming
U-Bon
Moltke1871
Smiley
0
0
Comments
sign in to comment!
No comments posted yet!